Canucks vs Canadiens

Created - 8 janvier 2021 at 20:32

Goals
1 2 3 T
Canucks 1 1 2 4
Canadiens 2 0 0 2
Shots
1 2 3 T
Canucks 3 12 9 24
Canadiens 17 9 12 38

1st period

1. Canadiens , Tyson Jost 4 (Loui Eriksson 7, Nick Shore 2) at 6:22
2. Canucks , Ryan O'Reilly 10 (Ron Hainsey 9) at 13:15
3. Canadiens , Auston Matthews 15 (Patrick Kane 27) at 14:39 (PP)

Penalties :
Kevin Hayes (VAN) for Roughing (Minor) at 14:10, Ron Hainsey (VAN) for Hooking (Minor) at 16:14

2nd period

4. Canucks , Zach Sanford 2 (Boone Jenner 8) at 13:29

Penalties :
Ivan Provorov (MTL) for Goalie Interference (Minor) at 8:50, Jake Virtanen (VAN) for Interference (Minor) at 16:53

3rd period

5. Canucks , Brayden Point 13 (Mitch Marner 19, Aaron Ekblad 11) at 9:09
6. Canucks , Boone Jenner 7 (Alex Pietrangelo 25, Mitch Marner 20) at 19:56 (Empty Net)

Penalties :
Blake Coleman (VAN) for Tripping (Minor) at 12:09

Goalie Stats

Carey Price (VAN), 36 saves from 38 shots - (0,947), W, 19-14-2, 60:00 minutes
Tuukka Rask (MTL), 20 saves from 23 shots - (0,870), L, 12-8-1, 59:12 minutes

Players Stats for Canucks

Player Name              G  A  P  +/- PIM S  H  SB GA TA FO     MP     PP MP  PK MP  
------------------------------------------------------------------------------------
Aaron Ekblad             0  1  1   2  0   0  0  5  0  0  0/0    14:16   0:00   2:48 
Alex Pietrangelo         0  1  1   1  0   1  1  5  0  0  0/0    26:42   0:56   3:38 
Anthony Duclair          0  0  0   1  0   2  3  0  0  0  1/1    17:45   0:54   0:00 
Blake Coleman            0  0  0   0  2   0  3  0  0  0  0/1    12:26   0:00   2:30 
Boone Jenner             1  1  2   2  0   3  3  0  0  0  9/18   12:21   1:05   3:21 
Brayden Point            1  0  1   2  0   3  1  0  0  0  8/15   18:19   0:54   0:00 
Chris Tierney            0  0  0   0  0   2  0  0  0  0  5/13   13:34   0:00   3:37 
Craig Smith              0  0  0   1  0   1  1  0  0  0  0/0     7:21   0:00   0:00 
Jake Muzzin              0  0  0   2  0   1  0  1  0  0  0/0    15:29   0:00   4:01 
Jake Virtanen            0  0  0   0  2   2  0  0  0  0  0/3    17:56   1:05   0:00 
Kevin Hayes              0  0  0   0  2   4  2  0  0  0  0/1    17:56   1:05   0:00 
Mitch Marner             0  2  2   2  0   0  1  0  0  0  0/0    18:19   0:54   0:00 
Morgan Rielly            0  0  0   0  0   1  1  2  0  0  0/0    18:55   0:56   0:00 
Ron Hainsey              0  1  1   0  2   0  1  2  0  0  0/0    20:12   0:00   2:14 
Ryan Ellis               0  0  0   1  0   0  1  2  0  0  0/0    23:22   1:03   0:11 
Ryan O'Reilly            1  0  1   0  0   2  0  0  0  0  12/24  18:42   1:03   0:47 
Tanner Pearson           0  0  0   0  0   1  2  0  0  0  2/2    12:34   0:00   2:37 
Zach Sanford             1  0  1   1  0   1  1  0  0  0  0/0     7:21   0:00   0:00 

Players Stats for Canadiens

Player Name              G  A  P  +/- PIM S  H  SB GA TA FO     MP     PP MP  PK MP  
------------------------------------------------------------------------------------
Artturi Lehkonen         0  0  0  -1  0   5  1  0  0  0  0/0    13:10   0:00   1:23 
Auston Matthews          1  0  1   0  0   8  3  0  0  0  15/24  22:22   3:25   0:00 
Cam Fowler               0  0  0  -2  0   1  1  0  0  0  0/0    22:48   3:53   1:17 
Colin White              0  0  0  -1  0   2  0  0  0  0  9/14   11:47   0:00   0:00 
David Krejci             0  0  0  -2  0   2  1  0  0  0  7/20   18:42   3:01   0:28 
Ilya Kovalchuk           0  0  0   0  0   2  0  0  0  0  0/0    11:05   0:00   0:00 
Ivan Provorov            0  0  0  -2  2   6  1  0  0  0  0/0    21:30   3:53   0:00 
Jakob Silfverberg        0  0  0  -2  0   3  0  0  0  0  4/6    18:50   3:01   0:36 
Josh Morrissey           0  0  0  -1  0   1  4  0  0  0  0/0    21:28   2:33   1:31 
Karl Alzner              0  0  0   0  0   2  3  1  0  0  0/0    16:33   0:00   0:00 
Loui Eriksson            0  1  1   0  0   1  0  1  0  0  0/1     6:14   0:00   0:36 
Nate Schmidt             0  0  0  -1  0   0  2  4  0  0  0/0    20:39   2:33   0:42 
Nick Shore               0  1  1  -1  0   0  1  0  0  0  5/8     7:37   0:00   1:17 
Patrick Kane             0  1  1   0  0   2  3  0  0  0  0/2    22:22   3:25   0:00 
Teuvo Teravainen         0  0  0   0  0   2  1  0  0  0  1/2    22:22   3:25   0:00 
Travis Sanheim           0  0  0   0  0   0  0  3  0  0  0/0    16:33   0:00   0:00 
Tyson Jost               1  0  1   0  0   1  0  0  0  0  0/0     5:38   0:00   0:00 
Valeri Nichushkin        0  0  0  -2  0   0  2  0  0  0  0/1    18:20   3:01   0:06 

3 Stars

1 - Boone Jenner (VAN)
2 - Mitch Marner (VAN)
3 - Brayden Point (VAN)

Power Play

Canucks - 0 on 1 Attempt(s) - 0,00%
Canadiens - 1 on 4 Attempt(s) - 25,00%

Penalty Kill

Canucks - 3 on 4 Attempt(s) - 75,00% - Score 0 goal in Penalty Kill
Canadiens - 1 on 1 Attempt(s) - 100,00% - Score 0 goal in Penalty Kill

Team Stat

Canucks - Hits : 21 - Faceoff Wins : 37 - Blocked Shots : 17 - Penalty Minutes : 8
Canadiens - Hits : 23 - Faceoff Wins : 41 - Blocked Shots : 9 - Penalty Minutes : 2

Official

Referees : Francois St-Laurent and Furman South
Linesman : Kyle Larson and Kyle Flemington

Game Notes

Boone Jenner has scored in a empty net!

Finance

Level 1 -- Attendance: 6049 (93,06%) -- Ticket Income 725 880 $
Level 2 -- Attendance: 4869 (97,38%) -- Ticket Income 413 865 $
Level 3 -- Attendance: 3059 (87,40%) -- Ticket Income 198 835 $
Level 4 -- Attendance: 2991 (56,57%) -- Ticket Income 59 820 $
Luxury Box -- Attendance: 945 (94,50%) -- Ticket Income 207 900 $
Game was played at the Bell Centre.
Total Attendance: 17913 (84,15%)
Total Ticket Income: 1 606 300 $
Other Income: 787 087 $
Total Income: 2 393 387 $

% Time on Ice - Canucks

Lines # - Real PCT - Wanted PCT - Time Play
Normal Forward
1 - 33% - 35% - 16:52
2 - 33% - 35% - 16:51
3 - 20% - 22% - 9:57
4 - 14% - 8% - 7:21
Normal Defense
1 - 42% - 45% - 21:34
2 - 35% - 37% - 17:59
3 - 22% - 18% - 11:28
4 - 0% - 0% - 0:00
PP Forward
1 - 45% - 55% - 0:54
2 - 55% - 45% - 1:05
PP Defense
1 - 53% - 55% - 1:03
2 - 47% - 45% - 0:56
PK Forward
1 - 44% - 50% - 2:49
2 - 56% - 50% - 3:37
PK Defense
1 - 59% - 50% - 3:49
2 - 41% - 50% - 2:37
PK3 Forward
1 - 0% - 60%
2 - 0% - 40%
PK3 Defense
1 - 0% - 60%
2 - 0% - 40%
44 Forward
1 - 0% - 60%
2 - 0% - 40%
44 Defense
1 - 0% - 60%
2 - 0% - 40%
Last Minute Offensive  - 0:00
Last Minute Defensive  - 0:34
Total
Forward - 60:00
Defense - 60:00

% Time on Ice - Canadiens

Lines # - Real PCT - Wanted PCT - Time Play
Normal Forward
1 - 37% - 40% - 18:57
2 - 30% - 30% - 15:13
3 - 22% - 20% - 11:05
4 - 11% - 10% - 5:38
Normal Defense
1 - 33% - 38% - 16:56
2 - 34% - 37% - 17:24
3 - 20% - 15% - 10:04
4 - 13% - 10% - 6:29
PP Forward
1 - 53% - 60% - 3:25
2 - 47% - 40% - 3:01
PP Defense
1 - 60% - 60% - 3:53
2 - 40% - 40% - 2:33
PK Forward
1 - 70% - 60% - 1:23
2 - 30% - 40% - 0:36
PK Defense
1 - 88% - 50% - 1:45
2 - 12% - 50% - 0:14
PK3 Forward
1 - 0% - 60%
2 - 0% - 40%
PK3 Defense
1 - 0% - 50%
2 - 0% - 50%
44 Forward
1 - 0% - 60%
2 - 0% - 40%
44 Defense
1 - 0% - 60%
2 - 0% - 40%
Last Minute Offensive  - 0:42
Last Minute Defensive  - 0:00
Total
Forward - 60:00
Defense - 60:00

Play-by-Play

1st period


0:01 of 1st period - Auston Matthews wins face-off versus Ryan O'Reilly in neutral zone.
0:11 of 1st period - Shot by Patrick Kane.
0:11 of 1st period - Shot Blocked by Alex Pietrangelo.
0:13 of 1st period - Shot by Auston Matthews.
0:13 of 1st period - Shot Misses the Net.
0:15 of 1st period - Shot by Ivan Provorov.
0:15 of 1st period - Stopped by Carey Price with a rebound.
0:19 of 1st period - Shot by Patrick Kane.
0:19 of 1st period - Stopped by Carey Price without a rebound.
0:20 of 1st period - Jakob Silfverberg wins face-off versus Brayden Point in Canucks zone.
0:23 of 1st period - Shot by David Krejci.
0:23 of 1st period - Stopped by Carey Price with a rebound.
0:48 of 1st period - Mitch Marner is hit by Nate Schmidt and loses puck.
1:27 of 1st period - Shot by Colin White.
1:27 of 1st period - Stopped by Carey Price with a rebound.
1:29 of 1st period - Shot by Artturi Lehkonen.
1:29 of 1st period - Shot Misses the Net.
1:31 of 1st period - Shot by Travis Sanheim.
1:31 of 1st period - Shot Blocked by Alex Pietrangelo.
1:33 of 1st period - Shot by Ilya Kovalchuk.
1:33 of 1st period - Shot Blocked by Alex Pietrangelo.
1:45 of 1st period - Shot by Artturi Lehkonen.
1:45 of 1st period - Stopped by Carey Price without a rebound.
1:46 of 1st period - Auston Matthews wins face-off versus Ryan O'Reilly in Canucks zone.
1:47 of 1st period - Shot by Cam Fowler.
1:47 of 1st period - Stopped by Carey Price without a rebound.
1:48 of 1st period - Ryan O'Reilly wins face-off versus Teuvo Teravainen in Canucks zone.
2:03 of 1st period - Shot by Kevin Hayes.
2:03 of 1st period - Stopped by Tuukka Rask without a rebound.
2:04 of 1st period - Nick Shore wins face-off versus Boone Jenner in Canadiens zone.
2:04 of 1st period - Nick Shore is hit by Boone Jenner.
2:31 of 1st period - Boone Jenner is hit by Josh Morrissey and loses puck.
3:09 of 1st period - Teuvo Teravainen is hit by Boone Jenner and loses puck.
3:16 of 1st period - Boone Jenner is hit by Auston Matthews and loses puck.
3:25 of 1st period - Shot by Patrick Kane.
3:25 of 1st period - Shot Misses the Net.
3:27 of 1st period - Shot by Ivan Provorov.
3:27 of 1st period - Stopped by Carey Price without a rebound.
3:28 of 1st period - Ryan O'Reilly wins face-off versus David Krejci in Canucks zone.
3:46 of 1st period - Off-side.
3:47 of 1st period - Colin White wins face-off versus Brayden Point in neutral zone.
4:25 of 1st period - Icing by Jake Muzzin.
4:26 of 1st period - Brayden Point wins face-off versus Auston Matthews in Canucks zone.
4:26 of 1st period - Brayden Point is hit by Patrick Kane.
4:48 of 1st period - Shot by Patrick Kane.
4:48 of 1st period - Shot Blocked by Aaron Ekblad.
5:44 of 1st period - Ron Hainsey is hit by David Krejci and loses puck.
6:18 of 1st period - Icing by Morgan Rielly.
6:19 of 1st period - Nick Shore wins face-off versus Ryan O'Reilly in Canucks zone.
6:22 of 1st period - Shot by Tyson Jost.
6:22 of 1st period - Goal by Tyson Jost - Canucks : 0 - Canadiens : 1.
6:23 of 1st period - Colin White wins face-off versus Chris Tierney in neutral zone.
6:46 of 1st period - Ilya Kovalchuk is hit by Blake Coleman and loses puck.
7:04 of 1st period - Shot by Artturi Lehkonen.
7:04 of 1st period - Stopped by Carey Price without a rebound.
7:05 of 1st period - Ryan O'Reilly wins face-off versus Auston Matthews in Canucks zone.
7:05 of 1st period - Ryan O'Reilly is hit by Patrick Kane.
8:08 of 1st period - Icing by Boone Jenner.
8:09 of 1st period - David Krejci wins face-off versus Boone Jenner in Canucks zone.
8:11 of 1st period - Jakob Silfverberg is hit by Alex Pietrangelo and loses puck.
9:46 of 1st period - Shot by Brayden Point.
9:46 of 1st period - Stopped by Tuukka Rask without a rebound.
9:47 of 1st period - Ryan O'Reilly wins face-off versus Nick Shore in Canadiens zone.
10:31 of 1st period - Ryan Ellis is hit by Nick Shore and loses puck.
10:50 of 1st period - Shot by Auston Matthews.
10:50 of 1st period - Stopped by Carey Price without a rebound.
10:51 of 1st period - Colin White wins face-off versus Brayden Point in Canucks zone.
11:28 of 1st period - Shot by Ilya Kovalchuk.
11:28 of 1st period - Shot Blocked by Morgan Rielly.
11:30 of 1st period - Shot by Nate Schmidt.
11:30 of 1st period - Deflect By Colin White.
11:30 of 1st period - Stopped by Carey Price without a rebound.
11:31 of 1st period - Chris Tierney wins face-off versus Auston Matthews in Canucks zone.
11:31 of 1st period - Chris Tierney is hit by Patrick Kane.
11:36 of 1st period - Aaron Ekblad is hit by Cam Fowler and loses puck.
11:59 of 1st period - Ivan Provorov is hit by Tanner Pearson and loses puck.
13:15 of 1st period - Shot by Ryan O'Reilly.
13:15 of 1st period - Goal by Ryan O'Reilly - Canucks : 1 - Canadiens : 1.
13:16 of 1st period - David Krejci wins face-off versus Brayden Point in neutral zone.
13:52 of 1st period - Shot by Jakob Silfverberg.
13:52 of 1st period - Stopped by Carey Price with a rebound.
14:08 of 1st period - Icing by Travis Sanheim.
14:09 of 1st period - Jakob Silfverberg wins face-off versus Ryan O'Reilly in Canadiens zone.
14:09 of 1st period - Jakob Silfverberg is hit by Kevin Hayes.
14:10 of 1st period - Minor Penalty to Kevin Hayes for Roughing.
14:11 of 1st period - Boone Jenner wins face-off versus Auston Matthews in Canucks zone.
14:25 of 1st period - Icing by Teuvo Teravainen.
14:26 of 1st period - Auston Matthews wins face-off versus Boone Jenner in Canadiens zone.
14:33 of 1st period - Shot by Patrick Kane.
14:33 of 1st period - Shot Blocked by Aaron Ekblad.
14:35 of 1st period - Shot by Nate Schmidt.
14:35 of 1st period - Deflect By Auston Matthews.
14:35 of 1st period - Stopped by Carey Price without a rebound.
14:36 of 1st period - David Krejci wins face-off versus Chris Tierney in Canucks zone.
14:37 of 1st period - Shot by Ivan Provorov.
14:37 of 1st period - Stopped by Carey Price without a rebound.
14:38 of 1st period - Auston Matthews wins face-off versus Chris Tierney in Canucks zone.
14:39 of 1st period - Shot by Patrick Kane.
14:39 of 1st period - Deflect By Auston Matthews.
14:39 of 1st period - Goal by Auston Matthews - Canucks : 1 - Canadiens : 2.
14:40 of 1st period - Auston Matthews wins face-off versus Ryan O'Reilly in neutral zone.
15:09 of 1st period - Shot by Patrick Kane.
15:09 of 1st period - Stopped by Carey Price without a rebound.
15:10 of 1st period - Brayden Point wins face-off versus Colin White in Canucks zone.
16:12 of 1st period - Ron Hainsey is hit by Teuvo Teravainen and loses puck.
16:14 of 1st period - Minor Penalty to Ron Hainsey for Hooking.
16:15 of 1st period - David Krejci wins face-off versus Chris Tierney in Canucks zone.
17:12 of 1st period - Shot by Josh Morrissey.
17:12 of 1st period - Shot Blocked by Jake Muzzin.
17:14 of 1st period - Shot by Teuvo Teravainen.
17:14 of 1st period - Shot Misses the Net.
18:02 of 1st period - Shot by Ivan Provorov.
18:02 of 1st period - Stopped by Carey Price without a rebound.
18:03 of 1st period - Boone Jenner wins face-off versus Patrick Kane in Canucks zone.
19:05 of 1st period - Icing by Artturi Lehkonen.
19:06 of 1st period - Colin White wins face-off versus Brayden Point in Canadiens zone.
19:06 of 1st period - Ilya Kovalchuk is hit by Anthony Duclair and loses puck.
19:15 of 1st period - Mitch Marner is hit by Artturi Lehkonen and loses puck.
19:44 of 1st period - Nate Schmidt is hit by Mitch Marner and loses puck.
19:58 of 1st period - Brayden Point is hit by Nate Schmidt.
Goals for this period are 1 for Canucks vs 2 for Canadiens.
Shots for this period are 3 for Canucks vs 17 for Canadiens.

2nd period


0:01 of 2nd period - Auston Matthews wins face-off versus Ryan O'Reilly in neutral zone.
0:08 of 2nd period - Shot by Patrick Kane.
0:08 of 2nd period - Shot Blocked by Alex Pietrangelo.
0:16 of 2nd period - Ivan Provorov is hit by Kevin Hayes and loses puck.
0:34 of 2nd period - Icing by Ryan Ellis.
0:35 of 2nd period - Ryan O'Reilly wins face-off versus David Krejci in Canucks zone.
0:35 of 2nd period - Ryan O'Reilly is hit by Valeri Nichushkin.
1:08 of 2nd period - Shot by David Krejci.
1:08 of 2nd period - Deflect By Jakob Silfverberg.
1:08 of 2nd period - Shot Blocked by Ron Hainsey.
1:13 of 2nd period - Tanner Pearson is hit by Josh Morrissey and loses puck.
1:19 of 2nd period - Tanner Pearson is hit by Josh Morrissey and loses puck.
1:22 of 2nd period - Shot by Morgan Rielly.
1:22 of 2nd period - Shot Blocked by Nate Schmidt.
2:44 of 2nd period - Shot by Craig Smith.
2:44 of 2nd period - Stopped by Tuukka Rask without a rebound.
2:45 of 2nd period - Boone Jenner wins face-off versus Colin White in Canadiens zone.
3:02 of 2nd period - Shot by Artturi Lehkonen.
3:02 of 2nd period - Deflect By Colin White.
3:02 of 2nd period - Shot Misses the Net.
3:04 of 2nd period - Shot by Colin White.
3:04 of 2nd period - Shot Misses the Net.
3:06 of 2nd period - Shot by Colin White.
3:06 of 2nd period - Shot Misses the Net.
3:08 of 2nd period - Shot by Artturi Lehkonen.
3:08 of 2nd period - Shot Misses the Net.
3:10 of 2nd period - Shot by Artturi Lehkonen.
3:10 of 2nd period - Shot Misses the Net.
3:12 of 2nd period - Shot by Artturi Lehkonen.
3:12 of 2nd period - Shot Hit the Post.
4:31 of 2nd period - Shot by Auston Matthews.
4:31 of 2nd period - Stopped by Carey Price without a rebound.
4:32 of 2nd period - Jakob Silfverberg wins face-off versus Chris Tierney in Canucks zone.
4:49 of 2nd period - Shot by Jakob Silfverberg.
4:49 of 2nd period - Shot Blocked by Aaron Ekblad.
5:25 of 2nd period - Ryan Ellis is hit by Valeri Nichushkin and loses puck.
6:00 of 2nd period - Shot by Patrick Kane.
6:00 of 2nd period - Shot Misses the Net.
6:02 of 2nd period - Shot by Karl Alzner.
6:02 of 2nd period - Stopped by Carey Price with a rebound.
6:04 of 2nd period - Shot by Patrick Kane.
6:04 of 2nd period - Shot Misses the Net.
6:06 of 2nd period - Shot by Karl Alzner.
6:06 of 2nd period - Stopped by Carey Price without a rebound.
6:07 of 2nd period - Colin White wins face-off versus Boone Jenner in Canucks zone.
6:10 of 2nd period - Shot by Artturi Lehkonen.
6:10 of 2nd period - Shot Misses the Net.
6:12 of 2nd period - Shot by Josh Morrissey.
6:12 of 2nd period - Shot Misses the Net.
6:14 of 2nd period - Shot by Nate Schmidt.
6:14 of 2nd period - Shot Blocked by Ron Hainsey.
6:57 of 2nd period - Off-side.
6:58 of 2nd period - Ryan O'Reilly wins face-off versus Auston Matthews in neutral zone.
7:25 of 2nd period - Shot by Kevin Hayes.
7:25 of 2nd period - Stopped by Tuukka Rask with a rebound.
7:34 of 2nd period - Icing by Patrick Kane.
7:35 of 2nd period - Auston Matthews wins face-off versus Chris Tierney in Canadiens zone.
8:08 of 2nd period - Travis Sanheim is hit by Blake Coleman and loses puck.
8:13 of 2nd period - Shot by Chris Tierney.
8:13 of 2nd period - Shot Blocked by Travis Sanheim.
8:15 of 2nd period - Shot by Ryan Ellis.
8:15 of 2nd period - Shot Blocked by Travis Sanheim.
8:50 of 2nd period - Minor Penalty to Ivan Provorov for Goalie Interference.
8:51 of 2nd period - Boone Jenner wins face-off versus Nick Shore in Canadiens zone.
8:54 of 2nd period - Shot by Ryan Ellis.
8:54 of 2nd period - Shot Misses the Net.
9:15 of 2nd period - Boone Jenner is hit by Josh Morrissey and loses puck.
10:15 of 2nd period - Shot by Brayden Point.
10:15 of 2nd period - Stopped by Tuukka Rask without a rebound.
10:16 of 2nd period - Boone Jenner wins face-off versus Loui Eriksson in Canadiens zone.
10:17 of 2nd period - Shot by Jake Virtanen.
10:17 of 2nd period - Stopped by Tuukka Rask without a rebound.
10:18 of 2nd period - Jakob Silfverberg wins face-off versus Boone Jenner in Canadiens zone.
10:23 of 2nd period - Shot by Loui Eriksson.
10:23 of 2nd period - Stopped by Carey Price without a rebound.
10:24 of 2nd period - Nick Shore wins face-off versus Kevin Hayes in Canucks zone.
10:25 of 2nd period - Shot by Cam Fowler.
10:25 of 2nd period - Shot Misses the Net.
10:35 of 2nd period - Shot by Morgan Rielly.
10:35 of 2nd period - Stopped by Tuukka Rask with a rebound.
10:37 of 2nd period - Shot by Boone Jenner.
10:37 of 2nd period - Stopped by Tuukka Rask without a rebound.
10:38 of 2nd period - Brayden Point wins face-off versus Jakob Silfverberg in Canadiens zone.
11:03 of 2nd period - Shot by Auston Matthews.
11:03 of 2nd period - Stopped by Carey Price without a rebound.
11:04 of 2nd period - David Krejci wins face-off versus Ryan O'Reilly in Canucks zone.
11:05 of 2nd period - Shot by Jakob Silfverberg.
11:05 of 2nd period - Stopped by Carey Price without a rebound.
11:06 of 2nd period - Ryan O'Reilly wins face-off versus Valeri Nichushkin in Canucks zone.
11:11 of 2nd period - Shot by Kevin Hayes.
11:11 of 2nd period - Deflect By Ryan O'Reilly.
11:11 of 2nd period - Shot Misses the Net.
11:13 of 2nd period - Shot by Kevin Hayes.
11:13 of 2nd period - Stopped by Tuukka Rask with a rebound.
11:15 of 2nd period - Shot by Alex Pietrangelo.
11:15 of 2nd period - Stopped by Tuukka Rask with a rebound.
11:42 of 2nd period - Icing by Alex Pietrangelo.
11:43 of 2nd period - Auston Matthews wins face-off versus Jake Virtanen in Canucks zone.
11:51 of 2nd period - Icing by Alex Pietrangelo.
11:52 of 2nd period - Ryan O'Reilly wins face-off versus Patrick Kane in Canucks zone.
12:45 of 2nd period - Shot by Mitch Marner.
12:45 of 2nd period - Shot Misses the Net.
12:47 of 2nd period - Shot by Ron Hainsey.
12:47 of 2nd period - Shot Misses the Net.
13:07 of 2nd period - Shot by Chris Tierney.
13:07 of 2nd period - Stopped by Tuukka Rask with a rebound.
13:09 of 2nd period - Shot by Chris Tierney.
13:09 of 2nd period - Stopped by Tuukka Rask without a rebound.
13:10 of 2nd period - David Krejci wins face-off versus Boone Jenner in Canadiens zone.
13:10 of 2nd period - David Krejci is hit by Zach Sanford.
13:18 of 2nd period - Shot by Josh Morrissey.
13:18 of 2nd period - Shot Blocked by Aaron Ekblad.
13:24 of 2nd period - Josh Morrissey is hit by Boone Jenner and loses puck.
13:29 of 2nd period - Shot by Zach Sanford.
13:29 of 2nd period - Goal by Zach Sanford - Canucks : 2 - Canadiens : 2.
13:30 of 2nd period - Colin White wins face-off versus Blake Coleman in neutral zone.
13:30 of 2nd period - Colin White is hit by Blake Coleman.
13:38 of 2nd period - Ryan Ellis is hit by Karl Alzner and loses puck.
13:49 of 2nd period - Shot by Tanner Pearson.
13:49 of 2nd period - Shot Misses the Net.
13:51 of 2nd period - Shot by Chris Tierney.
13:51 of 2nd period - Deflect By Tanner Pearson.
13:51 of 2nd period - Shot Blocked by Karl Alzner.
14:00 of 2nd period - Off-side.
14:01 of 2nd period - Ryan O'Reilly wins face-off versus Jakob Silfverberg in neutral zone.
14:22 of 2nd period - Shot by Kevin Hayes.
14:22 of 2nd period - Stopped by Tuukka Rask without a rebound.
14:23 of 2nd period - Nick Shore wins face-off versus Brayden Point in Canadiens zone.
14:23 of 2nd period - Nick Shore is hit by Brayden Point.
15:21 of 2nd period - Shot by Auston Matthews.
15:21 of 2nd period - Stopped by Carey Price without a rebound.
15:22 of 2nd period - Ryan O'Reilly wins face-off versus David Krejci in Canucks zone.
15:50 of 2nd period - Icing by Travis Sanheim.
15:51 of 2nd period - Tanner Pearson wins face-off versus David Krejci in Canadiens zone.
16:18 of 2nd period - Shot by Chris Tierney.
16:18 of 2nd period - Shot Blocked by Travis Sanheim.
16:52 of 2nd period - Kevin Hayes is hit by Auston Matthews.
16:53 of 2nd period - Minor Penalty to Jake Virtanen for Interference.
16:54 of 2nd period - Auston Matthews wins face-off versus Boone Jenner in Canucks zone.
16:55 of 2nd period - Shot by Ivan Provorov.
16:55 of 2nd period - Shot Misses the Net.
16:57 of 2nd period - Shot by Ivan Provorov.
16:57 of 2nd period - Stopped by Carey Price without a rebound.
16:58 of 2nd period - Boone Jenner wins face-off versus Auston Matthews in Canucks zone.
17:08 of 2nd period - Off-side.
17:09 of 2nd period - Auston Matthews wins face-off versus Boone Jenner in neutral zone.
18:29 of 2nd period - Shot by David Krejci.
18:29 of 2nd period - Shot Misses the Net.
18:31 of 2nd period - Shot by Nate Schmidt.
18:31 of 2nd period - Shot Misses the Net.
18:33 of 2nd period - Shot by Josh Morrissey.
18:33 of 2nd period - Stopped by Carey Price without a rebound.
18:34 of 2nd period - Boone Jenner wins face-off versus David Krejci in Canucks zone.
18:40 of 2nd period - Icing by Nate Schmidt.
18:41 of 2nd period - Tanner Pearson wins face-off versus David Krejci in Canadiens zone.
19:57 of 2nd period - Patrick Kane is hit by Morgan Rielly and loses puck.
Goals for this period are 1 for Canucks vs 0 for Canadiens.
Shots for this period are 12 for Canucks vs 9 for Canadiens.

3rd period


0:01 of 3rd period - Auston Matthews wins face-off versus Brayden Point in neutral zone.
0:14 of 3rd period - Shot by Auston Matthews.
0:14 of 3rd period - Shot Blocked by Ryan Ellis.
0:20 of 3rd period - Nate Schmidt is hit by Anthony Duclair and loses puck.
0:44 of 3rd period - Icing by Patrick Kane.
0:45 of 3rd period - Auston Matthews wins face-off versus Jake Virtanen in Canadiens zone.
1:01 of 3rd period - Off-side.
1:02 of 3rd period - Chris Tierney wins face-off versus David Krejci in neutral zone.
1:15 of 3rd period - Shot by Jakob Silfverberg.
1:15 of 3rd period - Stopped by Carey Price without a rebound.
1:16 of 3rd period - Colin White wins face-off versus Ryan O'Reilly in Canucks zone.
1:17 of 3rd period - Shot by Artturi Lehkonen.
1:17 of 3rd period - Stopped by Carey Price without a rebound.
1:18 of 3rd period - David Krejci wins face-off versus Ryan O'Reilly in Canucks zone.
1:36 of 3rd period - Icing by Ivan Provorov.
1:37 of 3rd period - Anthony Duclair wins face-off versus David Krejci in Canadiens zone.
1:46 of 3rd period - Shot by Mitch Marner.
1:46 of 3rd period - Shot Misses the Net.
1:50 of 3rd period - Shot by Anthony Duclair.
1:50 of 3rd period - Stopped by Tuukka Rask without a rebound.
1:51 of 3rd period - Auston Matthews wins face-off versus Jake Virtanen in Canadiens zone.
2:11 of 3rd period - Shot by Teuvo Teravainen.
2:11 of 3rd period - Stopped by Carey Price without a rebound.
2:12 of 3rd period - Brayden Point wins face-off versus David Krejci in Canucks zone.
3:20 of 3rd period - Shot by Auston Matthews.
3:20 of 3rd period - Shot Misses the Net.
4:24 of 3rd period - Shot by Chris Tierney.
4:24 of 3rd period - Deflect By Tanner Pearson.
4:24 of 3rd period - Shot Blocked by Nate Schmidt.
4:26 of 3rd period - Shot by Jake Muzzin.
4:26 of 3rd period - Stopped by Tuukka Rask with a rebound.
4:38 of 3rd period - Shot by Craig Smith.
4:38 of 3rd period - Shot Blocked by Nate Schmidt.
4:42 of 3rd period - Shot by Boone Jenner.
4:42 of 3rd period - Deflect By Craig Smith.
4:42 of 3rd period - Shot Misses the Net.
4:52 of 3rd period - Shot by Boone Jenner.
4:52 of 3rd period - Stopped by Tuukka Rask without a rebound.
4:53 of 3rd period - Brayden Point wins face-off versus Colin White in Canadiens zone.
5:02 of 3rd period - Shot by Ilya Kovalchuk.
5:02 of 3rd period - Stopped by Carey Price without a rebound.
5:03 of 3rd period - Ryan O'Reilly wins face-off versus David Krejci in Canucks zone.
5:23 of 3rd period - Shot by Kevin Hayes.
5:23 of 3rd period - Shot Misses the Net.
5:27 of 3rd period - Shot by Ryan O'Reilly.
5:27 of 3rd period - Stopped by Tuukka Rask with a rebound.
5:29 of 3rd period - Shot by Ryan Ellis.
5:29 of 3rd period - Shot Misses the Net.
6:02 of 3rd period - Shot by Ilya Kovalchuk.
6:02 of 3rd period - Stopped by Carey Price without a rebound.
6:03 of 3rd period - Colin White wins face-off versus Chris Tierney in Canucks zone.
6:08 of 3rd period - Shot by Artturi Lehkonen.
6:08 of 3rd period - Stopped by Carey Price without a rebound.
6:09 of 3rd period - Brayden Point wins face-off versus Colin White in Canucks zone.
6:23 of 3rd period - Shot by Brayden Point.
6:23 of 3rd period - Shot Misses the Net.
7:37 of 3rd period - Shot by Loui Eriksson.
7:37 of 3rd period - Shot Blocked by Alex Pietrangelo.
7:39 of 3rd period - Shot by Loui Eriksson.
7:39 of 3rd period - Shot Hit the Post.
7:54 of 3rd period - Icing by Alex Pietrangelo.
7:55 of 3rd period - Auston Matthews wins face-off versus Chris Tierney in Canucks zone.
7:55 of 3rd period - Teuvo Teravainen is hit by Ryan Ellis and loses puck.
7:58 of 3rd period - Shot by Teuvo Teravainen.
7:58 of 3rd period - Stopped by Carey Price without a rebound.
7:59 of 3rd period - Auston Matthews wins face-off versus Ryan O'Reilly in Canucks zone.
9:09 of 3rd period - Shot by Brayden Point.
9:09 of 3rd period - Goal by Brayden Point - Canucks : 3 - Canadiens : 2.
9:10 of 3rd period - Colin White wins face-off versus Boone Jenner in neutral zone.
9:10 of 3rd period - Colin White is hit by Craig Smith.
10:33 of 3rd period - Shot by David Krejci.
10:33 of 3rd period - Shot Blocked by Morgan Rielly.
10:55 of 3rd period - Shot by Auston Matthews.
10:55 of 3rd period - Stopped by Carey Price without a rebound.
10:56 of 3rd period - Nick Shore wins face-off versus Ryan O'Reilly in Canucks zone.
11:11 of 3rd period - Shot by Kevin Hayes.
11:11 of 3rd period - Shot Blocked by Loui Eriksson.
11:17 of 3rd period - Shot by Ryan O'Reilly.
11:17 of 3rd period - Shot Blocked by Nate Schmidt.
11:23 of 3rd period - Shot by Jake Virtanen.
11:23 of 3rd period - Stopped by Tuukka Rask with a rebound.
11:55 of 3rd period - Karl Alzner is hit by Tanner Pearson.
12:03 of 3rd period - Ryan Ellis is hit by Karl Alzner and loses puck.
12:09 of 3rd period - Minor Penalty to Blake Coleman for Tripping.
12:10 of 3rd period - Boone Jenner wins face-off versus David Krejci in Canucks zone.
12:36 of 3rd period - Ivan Provorov is hit by Ron Hainsey and loses puck.
12:51 of 3rd period - Shot by Ivan Provorov.
12:51 of 3rd period - Stopped by Carey Price without a rebound.
12:52 of 3rd period - Chris Tierney wins face-off versus Auston Matthews in Canucks zone.
12:52 of 3rd period - Chris Tierney is hit by Auston Matthews.
13:10 of 3rd period - Shot by Auston Matthews.
13:10 of 3rd period - Stopped by Carey Price without a rebound.
13:11 of 3rd period - Chris Tierney wins face-off versus Auston Matthews in Canucks zone.
13:40 of 3rd period - Shot by Auston Matthews.
13:40 of 3rd period - Shot Blocked by Aaron Ekblad.
13:42 of 3rd period - Shot by Teuvo Teravainen.
13:42 of 3rd period - Shot Misses the Net.
13:44 of 3rd period - Shot by Cam Fowler.
13:44 of 3rd period - Shot Misses the Net.
14:25 of 3rd period - Shot by Artturi Lehkonen.
14:25 of 3rd period - Stopped by Carey Price without a rebound.
14:26 of 3rd period - Ryan O'Reilly wins face-off versus Nick Shore in Canucks zone.
14:38 of 3rd period - Off-side.
14:39 of 3rd period - Brayden Point wins face-off versus David Krejci in neutral zone.
15:13 of 3rd period - Shot by Anthony Duclair.
15:13 of 3rd period - Stopped by Tuukka Rask without a rebound.
15:14 of 3rd period - Teuvo Teravainen wins face-off versus Ryan O'Reilly in Canadiens zone.
16:21 of 3rd period - Shot by Tanner Pearson.
16:21 of 3rd period - Stopped by Tuukka Rask without a rebound.
16:22 of 3rd period - Brayden Point wins face-off versus David Krejci in Canadiens zone.
16:22 of 3rd period - Mitch Marner is hit by Karl Alzner and loses puck.
16:31 of 3rd period - Shot by David Krejci.
16:31 of 3rd period - Stopped by Carey Price without a rebound.
16:32 of 3rd period - Boone Jenner wins face-off versus Colin White in Canucks zone.
16:58 of 3rd period - Morgan Rielly is hit by Ivan Provorov and loses puck.
17:41 of 3rd period - Shot by David Krejci.
17:41 of 3rd period - Shot Misses the Net.
18:03 of 3rd period - Jakob Silfverberg is hit by Anthony Duclair and loses puck.
19:08 of 3rd period - Canadiens, Tuukka Rask is pulled from the net.
19:48 of 3rd period - Shot by Artturi Lehkonen.
19:48 of 3rd period - Shot Blocked by Ryan Ellis.
19:56 of 3rd period - Shot by Boone Jenner.
19:56 of 3rd period - Goal by Boone Jenner - Canucks : 4 - Canadiens : 2.
19:56 of 3rd period - Tuukka Rask from Canadiens was sent back in the game.
19:57 of 3rd period - Chris Tierney wins face-off versus Auston Matthews in neutral zone.
Goals for this period are 2 for Canucks vs 0 for Canadiens.
Shots for this period are 9 for Canucks vs 12 for Canadiens.